 Dungeon Crawl Stone Soup version 0.22.1-1-ga44c0e5 (webtiles) character file.

260 brandon the Magician (level 5, 0/28 HPs)
             Began as a Deep Elf Fire Elementalist on Oct 8, 2018.
             Was a Follower of Vehumet.
             Slain by Grinder (7 damage)
             ... on level 3 of the Dungeon.
             The game lasted 00:06:02 (2190 turns).

brandon the Magician (Deep Elf Fire Elementalist)   Turns: 2190, Time: 00:06:02

Health: 0/28       AC:  3    Str:  5    XL:     5   Next: 95%
Magic:  1/14       EV: 13    Int: 21    God:    Vehumet [*.....]
Gold:   75         SH:  0    Dex: 15    Spells: 3/13 levels left

rFire    . . .     SeeInvis .   b - +0 halberd
rCold    . . .     Gourm    .   (shield currently unavailable)
rNeg     . . .     Faith    .   a - +0 robe
rPois    .         Spirit   .   (no helmet)
rElec    .         Reflect  .   (no cloak)
rCorr    .         Harm     .   n - +0 pair of gloves
MR       .....                  (no boots)
Stlth    ++........             (no amulet)
HPRegen  0.09/turn              (no ring)
MPRegen  0.14/turn              (no ring)

@: no status effects
A: no striking features
a: Renounce Religion


You were on level 3 of the Dungeon.
You worshipped Vehumet.
Vehumet was aware of your devotion.
You were not hungry.

You visited 1 branch of the dungeon, and saw 3 of its levels.

You collected 75 gold pieces.

Inventory:

Hand Weapons
 b - a +0 halberd (weapon)
Armour
 a - a +0 robe (worn)
 n - a +0 pair of gloves (worn)
Scrolls
 f - a scroll of magic mapping
 g - 3 scrolls of remove curse
 j - a scroll of immolation {unknown}
Potions
 d - 2 potions of curing {unknown}
 e - 3 potions of brilliance {unknown}
 h - 4 potions of flight {unknown}
 i - a potion of berserk rage {unknown}
 l - a potion of agility {unknown}
 m - 2 potions of heal wounds {unknown}
Comestibles
 c - 7 rations


   Skills:
 + Level 0.7 Fighting
 - Level 2.4 Dodging
 - Level 2.4 Stealth
 + Level 4.8 Spellcasting
 * Level 4.5 Conjurations
 + Level 4.5 Fire Magic


You had 3 spell levels left.
You knew the following spells:

 Your Spells              Type           Power        Failure   Level  Hunger
a - Flame Tongue          Conj/Fire      ###..        1%          1    None
b - Throw Flame           Conj/Fire      ###...       2%          2    None
c - Conjure Flame         Conj/Fire      ###.....     4%          3    ##.....
d - Sticky Flame          Conj/Fire      ###.....     17%         4    ####...

Your spell library contained the following spells:

 Spells                   Type           Power        Failure   Level  Hunger
 Sandblast                Erth           #.....       11%         1    None
 Inner Flame              Hex/Fire       ##......     13%         3    ##.....
 Fireball                 Conj/Fire      ###.......   43%         5    #####..


Dungeon Overview and Level Annotations

Branches:
Dungeon (3/15)

Altars:
Cheibriados
Okawaru
Trog
Vehumet
Xom

Annotations:
D:2 1 runed door
D:3 Grinder


Message History

Grinder gestures at you.
You suddenly lose the ability to move!
Grinder barely misses you. Grinder gestures at you.
You shrug off the repeated paralysis!
Grinder gestures at you.
You struggle to resist.
Grinder hits you!
* * * LOW HITPOINT WARNING * * *
All of the chunks of flesh in your inventory have rotted away.
Grinder hits you!
* * * LOW HITPOINT WARNING * * *
You can move again.
Casting: Flame Tongue (safe; 1% risk of failure)
Confirm with . or Enter, or press ? or * to list all spells.
Aiming: Flame Tongue (safe; 1% risk of failure)
Press: ? - help, Shift-Dir - straight line, f/p - Grinder
Aim: Grinder (almost dead)
The flame tongue misses Grinder.
Grinder hits you!
You die...

#.......###########
#.....#..##### #.)..
#####...)....#)..###
###########.#......... #
##...##...#............
.
##..[..........#######..
# #.............## ##. .
#.........5...# ## .
#......<..@...# .
##............#
##...##..(#.##
##########ยง# ##.# #..#
#.## #.# #>#


You could see Grinder.

Vanquished Creatures
  An ogre (D:3)
  A howler monkey (D:2)
  3 adders
  A gnoll (D:1)
  2 oozes (D:1)
  5 worms
  5 dart slugs
  4 leopard geckos
  2 orcs (D:3)
  7 bats
  A giant cockroach (D:1)
  8 goblins
  4 hobgoblins
  2 quokkas (D:2)
  3 frilled lizards (D:1)
  10 kobolds
  5 rats
  A fungus (D:2)
65 creatures vanquished.

Notes
Turn   | Place    | Note
-------+----------+-------------------------------------------
     0 | D:1      | brandon the Deep Elf Fire Elementalist began the quest for
                  | the Orb.
     0 | D:1      | Reached XP level 1. HP: 10/10 MP: 6/6
    38 | D:1      | Reached XP level 2. HP: 15/15 MP: 1/8
    45 | D:1      | Learned a level 2 spell: Throw Flame
   387 | D:1      | Reached XP level 3. HP: 16/19 MP: 5/10
  1110 | D:2      | Learned a level 3 spell: Conjure Flame
  1115 | D:2      | Reached XP level 4. HP: 24/24 MP: 3/12
  1193 | D:2      | Learned a level 3 spell: Inner Flame
  1236 | D:2      | Found a snail-covered altar of Cheibriados.
  1239 | D:2      | Found a shimmering altar of Xom.
  1242 | D:2      | Found a radiant altar of Vehumet.
  1277 | D:2      | Became a worshipper of Vehumet
  1562 | D:2      | Found a bloodstained altar of Trog.
  1765 | D:2      | Reached XP level 5. HP: 28/28 MP: 6/13
  1802 | D:2      | Found a runed door.
  1868 | D:3      | Found an iron altar of Okawaru.
  1896 | D:3      | Learned a level 4 spell: Sticky Flame
  1950 | D:3      | Noticed an ogre
  1973 | D:3      | Killed an ogre
  2109 | D:3      | Reached * piety under Vehumet
  2109 | D:3      | Offered knowledge of Sandblast by Vehumet.
  2151 | D:3      | Noticed Grinder
  2160 | D:3      | Paralysed by Grinder for 4 turns
  2184 | D:3      | Paralysed by Grinder for 6 turns
  2190 | D:3      | Slain by Grinder

Skill      XL: |  1  2  3  4  5 |
---------------+----------------+-----
Conjurations   | 2 3 4 |  4.5
Spellcasting   | 4 |  4.8
Fire Magic     | 4 |  4.5
Fighting       | |  0.7
Dodging        | |  2.4
Stealth        | |  2.4

Action                   |  1- 3 |  4- 6 || total
-------------------------+-------+-------++-------
Melee: Halberd           |       |    17 ||    17
 Cast: Flame Tongue      |    59 |    54 ||   113
       Throw Flame       |     4 |    12 ||    16
       Conjure Flame     |       |     3 ||     3
  Use: Scroll            |       |     5 ||     5
  Eat: Chunk             |     1 |     3 ||     4
Armor: Robe              |     4 |     3 ||     7
Dodge: Dodged            |    17 |    15 ||    32
